 Dungeon Crawl Stone Soup version 0.21.1-1-g345015fe64 (webtiles) character file.

1152 ILYA101 the Slasher (level 8, -1/68 HPs)
             Began as a Grey Draconian Fighter on Apr 29, 2018.
             Was a Follower of the Shining One.
             Killed by divine providence
             ... invoked by an orc priest
              (16 damage)
             ... on level 5 of the Dungeon.
             The game lasted 00:16:44 (4751 turns).

ILYA101 the Slasher (Grey Draconian Fighter)        Turns: 4751, Time: 00:16:44

Health: -1/68      AC: 14    Str: 22    XL:     8   Next: 16%
Magic:  8/8        EV: 12    Int:  8    God:    the Shining One [*.....]
Gold:   198        SH: 13    Dex: 10    Spells: 7/7 levels left

rFire    . . .     SeeInvis +   a - +2 long sword
rCold    . . .     Gourm    .   b - +3 shield
rNeg     . . .     Faith    .   (armour unavailable)
rPois    .         Spirit   .   (helmet restricted)
rElec    .         Reflect  .   k - +0 cloak
rCorr    .         Harm     .   i - +0 pair of gloves (curse)
MR       .....                  f - +0 pair of boots
Stlth    +.........             j - amulet of magic regeneration
HPRegen  0.21/turn              p - ring of see invisible
MPRegen  0.36/turn              (no ring)

@: glowing
A: walk through water, unfitting armour, unbreathing, cold-blooded, AC +11
a: Renounce Religion


You were on level 5 of the Dungeon.
You worshipped the Shining One.
The Shining One was aware of your devotion.
You were not hungry.

You visited 2 branches of the dungeon, and saw 6 of its levels.

You collected 198 gold pieces.

Inventory:

Hand Weapons
 a - a +2 long sword (weapon)
Armour
 b - a +3 shield (worn)
 f - a +0 pair of boots (worn)
 i - a cursed +0 pair of gloves (worn)
 k - a +0 cloak (worn)
Jewellery
 j - an amulet of magic regeneration (around neck)
 p - a ring of see invisible (left hand)
Scrolls
 c - a scroll of remove curse
 g - 3 scrolls of enchant armour
 h - a scroll of magic mapping
 n - 2 scrolls of fear
Potions
 e - a potion of ambrosia
 l - 3 potions of curing
 o - a potion of agility {unknown}
 r - a potion of haste
Books
 q - a book of Beasts

   Spells                             Type                      Level
   a - Summon Butterflies             Summoning                    1
   b - Call Canine Familiar           Summoning                    3
   c - Summon Ice Beast               Ice/Summoning                4
   d - Summon Mana Viper              Hexes/Summoning              5
   e - Summon Hydra                   Summoning                    7
Miscellaneous
 s - a fan of gales
Comestibles
 d - 6 rations
 m - 5 chunks of flesh


   Skills:
 + Level 5.2 Fighting
 + Level 6.3 Long Blades
 + Level 5.5 Dodging
 + Level 0.9 Stealth
 + Level 4.7 Shields


You had 7 spell levels left.
You didn't know any spells.

Dungeon Overview and Level Annotations

Branches:
Dungeon (5/15)             Temple (1/1) D:4

Altars:
Ashenzari
Cheibriados
Dithmenos
Elyvilon
Fedhas
Gozag
Hepliaklqana
Nemelex Xobeh
Okawaru
Qazlal
Ru
Sif Muna
Trog
Uskayaw
Vehumet
Wu Jian
Xom
Yredelemnul
Zin
The Shining One


Innate Abilities, Weirdness & Mutations

You can walk through water.
Your dull iron-grey scales are very hard. (AC +11)
You cannot fit into any form of body armour.
You can survive without breathing.
You are cold-blooded and may be slowed by cold attacks.


Message History

You kill Eustachio!
The Shining One accepts your kill.
The bat disappears in a puff of smoke!
The crimson imp disappears in a puff of smoke!
The river rat disappears in a puff of smoke! x2
The bat disappears in a puff of smoke!
The white imp disappears in a puff of smoke!
The crimson imp disappears in a puff of smoke!
The orc priest mumbles some strange prayers to Beogh against you.
Beogh smites you!
* * * LOW HITPOINT WARNING * * *
The jackal closely misses you.
The jackal bites you but does no damage.
The jackal completely misses you.
You riposte.
You hit the jackal.
You kill the jackal!
The orc priest looks satisfied for a moment.
The orc priest looks braver for a moment.
The orc priest invokes the aid of Beogh against you.
Beogh smites you!
You die... ### ##.#.##.# ...##.#.##.# #.#.....#.##########... #...................... ###......#......#..#.... #...#.#.##.######.# ..o #....#..)....# h.o

#..........#.# #
###.###
..........##.#@#
#.#..o))#
..........##.#.#
#.# #.#
.........###.#o#
... #.o .........#
#.#.# #.###..
###...##.# #.#.#
#...... #.#o#
###o##. #.# #†###
#o############.###
#....o.oo.........


You could see 2 orc priests and an orc.

Vanquished Creatures
  Grinder (D:2)
  Eustachio (D:5)
  A water moccasin (D:5)
  2 ogres
  A howler monkey (D:4)
  An orc priest (D:4)
  A bullfrog skeleton (D:4)
  Ijyb (D:3)
  Crazy Yiuf (D:3)
  Jessica (D:3)
  3 orc wizards
  An iguana (D:5)
  A hound skeleton (D:5)
  3 gnolls (D:3)
  A worker ant zombie (D:4)
  8 adders
  An adder skeleton (D:5)
  An adder zombie (D:4)
  3 dart slugs
  4 worms
  3 leopard geckos
  21 orcs
  A ball python (D:1)
  8 bats
  5 giant cockroaches
  3 goblins
  6 hobgoblins
  18 jackals
  10 kobolds
  2 quokkas
  5 frilled lizards
  8 rats
127 creatures vanquished.

Notes
Turn   | Place    | Note
-------+----------+-------------------------------------------
     0 | D:1      | ILYA101 the Draconian Fighter began the quest for the Orb.
     0 | D:1      | Reached XP level 1. HP: 19/19 MP: 1/1
    83 | D:1      | Reached XP level 2. HP: 25/26 MP: 2/2
   555 | D:1      | Reached XP level 3. HP: 33/33 MP: 3/3
  1122 | D:2      | Found an iron altar of Okawaru.
  1378 | D:2      | Reached XP level 4. HP: 40/40 MP: 4/4
  1780 | D:3      | Reached skill level 3 in Long Blades
  2077 | D:3      | Found a runed door.
  2112 | D:3      | Noticed Grinder
  2121 | D:3      | Paralysed by Grinder for 2 turns
  2178 | D:3      | Paralysed by Grinder for 3 turns
  2194 | D:2      | Killed Grinder
  2194 | D:2      | Reached XP level 5. HP: 6/47 MP: 5/5
  2194 | D:2      | Reached XP level 6. HP: 7/53 MP: 6/6
  2517 | D:3      | Reached skill level 4 in Long Blades
  2929 | D:3      | Noticed Ijyb
  2961 | D:3      | Killed Ijyb
  3011 | D:3      | Noticed Jessica
  3019 | D:3      | Killed Jessica
  3219 | D:3      | Noticed Crazy Yiuf
  3225 | D:3      | Killed Crazy Yiuf
  3306 | D:3      | Your scales start taking on a dull iron-grey colour.
  3306 | D:3      | Reached XP level 7. HP: 51/60 MP: 7/7
  3306 | D:3      | Gained mutation: You can survive without breathing. [Grey Draconian growth]
  3361 | D:4      | Reached skill level 5 in Long Blades
  3572 | D:4      | Found a staircase to the Ecumenical Temple.
  3579 | Temple   | Entered the Ecumenical Temple
  3687 | Temple   | Became a worshipper of the Shining One
  3833 | D:4      | Found a large runed door.
  3833 | D:4      | Found a large runed door.
  3881 | D:4      | Found a large runed door.
  3881 | D:4      | Found a large runed door.
  4018 | D:4      | Reached skill level 5 in Dodging
  4273 | D:4      | Reached skill level 5 in Fighting
  4370 | D:4      | Found a bloodstained altar of Trog.
  4516 | D:4      | Got a faintly humming plate armour
  4571 | D:5      | Entered Level 5 of the Dungeon
  4612 | D:5      | Reached skill level 6 in Long Blades
  4695 | D:5      | Reached * piety under the Shining One
  4697 | D:5      | Noticed Eustachio
  4712 | D:5      | Reached XP level 8. HP: 39/68 MP: 8/8
  4724 | D:5      | Killed Eustachio
  4751 | D:5      | Killed from afar by an orc priest

Skill      XL: |  1  2  3  4  5  6  7 |
---------------+----------------------+-----
Dodging        | 3 4 5 |  5.5
Fighting       | 4 5 |  5.2
Long Blades    | 3 4 6 |  6.3
Shields        | 4 |  4.7
Stealth        | |  0.9

Action                   |  1- 3 |  4- 6 |  7- 9 || total
-------------------------+-------+-------+-------++-------
Melee: Long sword        |   107 |   168 |   133 ||   408
       Tailslap          |     7 |    21 |    22 ||    50
  Use: Potion            |       |     2 |     1 ||     3
       Scroll            |       |    14 |     2 ||    16
 Stab: Distracted        |       |     1 |       ||     1
  Eat: Chunk             |     2 |     6 |     5 ||    13
Armor: Skin              |    32 |    55 |    48 ||   135
Dodge: Dodged            |    48 |    94 |    61 ||   203
Block: Shield            |    53 |   103 |   109 ||   265
       Rpst.: Long sword |    26 |    22 |    16 ||    64
